 Dungeon Crawl Stone Soup version 0.29.1-15-g9cfb28693d (webtiles) character file.

Game seed: 14083726284435812877

3512 Peloso the Protected (level 9, 0/81 HPs)
             Began as a Minotaur Fighter on Apr 27, 2023.
             Succumbed to a water moccasin's poison
             ... on level 7 of the Dungeon.
             The game lasted 00:15:51 (9232 turns).

Peloso the Protected (Minotaur Fighter)             Turns: 9232, Time: 00:15:51

Health: 0/81       AC: 11    Str: 23    XL:     9   Next: 81%
Magic:  8/8        EV:  9    Int:  5    God:
Gold:   362        SH:  6    Dex: 18    Spells: 8/8 levels left

rFire   + + .      SeeInvis +   a - +1 falchion (vorpal)
rCold   + . .      Faith    .   d - +0 buckler
rNeg    . . .      Spirit   .   c - +0 chain mail
rPois   .          Reflect  .   (helmet restricted)
rElec   .          Harm     .   (no cloak)
rCorr   .          Rampage  .   (no gloves)
Will    .....                   (no boots)
Stlth   ..........              (no amulet)
HPRegen 0.23/turn               r - ring of protection from cold
MPRegen 0.11/turn               m - ring of the Coward {rF++ Dex+6 SInv}

@: lethally poisoned (0 -> -4), hasted, very quick
A: horns 2, retaliatory headbutt
a: no special abilities


You were on level 7 of the Dungeon.
You visited 2 branches of the dungeon, and saw 9 of its levels.

You collected 362 gold pieces.

Inventory:

Hand Weapons
 a - a +1 vorpal falchion (weapon)
 b - the +7 rapier of Jorr {flame, rElec}
   (You found it on level 5 of the Dungeon)

   It burns those it strikes, dealing additional fire damage.
   rElec:     It insulates you from electricity.
Armour
 c - a +0 chain mail (worn)
 d - a +0 buckler (worn)
 y - +0 swamp dragon scales
Jewellery
 l - a ring of see invisible
 m - the ring of the Coward (right hand) {rF++ Dex+6 SInv}
   (You found it on level 5 of the Dungeon)

   [ring of dexterity]

   Dex:       It affects your dexterity (+6).
   rF:        It greatly protects you from fire.
   SInv:      It lets you see invisible.
 r - a ring of protection from cold (left hand)
Wands
 q - a wand of mindburst (10)
Scrolls
 e - a scroll of amnesia
 g - 3 scrolls of blinking
 h - 3 scrolls of enchant armour {unknown}
 i - 3 scrolls of immolation {unknown}
 j - 7 scrolls of teleportation {unknown}
 n - a scroll of brand weapon
 t - a scroll of enchant weapon {unknown}
 v - a scroll of fear {unknown}
Potions
 k - 2 potions of might
 o - a potion of resistance
 p - a potion of cancellation


   Skills:
 + Level 7.8 Fighting
 + Level 4.0(6.7) Short Blades
 + Level 9.3(9.8) Long Blades
 + Level 9.9 Armour
 + Level 2.7 Dodging
 + Level 1.1 Stealth
 + Level 6.8 Shields


You had 8 spell levels left.
You didn't know any spells.
Your spell library contained the following spells:

 Spells                   Type           Power      Damage    Failure   Level
 Shock                    Conj/Air       0%         1d3       98%         1
 Summon Small Mammal      Summ           0%         N/A       98%         1
 Blink                    Tloc           0%         N/A       99%         2
 Call Canine Familiar     Summ           0%         N/A       100%        3
 Lesser Beckoning         Tloc           0%         N/A       100%        3
 Summon Guardian Golem    Hex/Summ       0%         N/A       100%        3
 Swiftness                Air            0%         N/A       100%        3
 Airstrike                Air            0%         2d(0-16)  100%        4
 Manifold Assault         Tloc           0%         N/A       100%        5


Dungeon Overview and Level Annotations

Branches:
Dungeon (8/15)             Temple (1/1) D:7
   Lair: D:8-11

Altars:
Dithmenos
Elyvilon
Fedhas
Kikubaaqudgha
Makhleb
Qazlal
Ru
Trog
Uskayaw
Vehumet
Wu Jian
Xom
Yredelemnul
Zin
The Shining One

Shops:
D:4 :


Innate Abilities, Weirdness & Mutations

You have a pair of horns on your head.
You reflexively headbutt those who attack you in melee.


Message History

* * * LOW HITPOINT WARNING * * *
You are lethally poisoned!
The water moccasin poisons you!
There is a stone staircase leading down, spattered with blood here.
* * * LOW HITPOINT WARNING * * *
You feel very sick.
The water moccasin bites you but does no damage.
Unknown command.
You bump into the rock wall.
* * * LOW HITPOINT WARNING * * *
You feel very sick. The water moccasin bites you!
* * * LOW HITPOINT WARNING * * *
The water moccasin bites you but does no damage.
Unknown command.
You miss the water moccasin.
The water moccasin is heavily wounded.
You feel less invigorated.
You feel less confused.
* * * LOW HITPOINT WARNING * * *
You feel very sick. The water moccasin bites you.
* * * LOW HITPOINT WARNING * * *
You slash the water moccasin! You headbutt the water moccasin.
You kill the water moccasin!
* * * LOW HITPOINT WARNING * * *
You feel very sick.
Unknown command.
There is a lethal amount of poison in your body!
* * * LOW HITPOINT WARNING * * *
You feel very sick.
Okay, then.
* * * LOW HITPOINT WARNING * * *
You feel sick.
You feel yourself speed up.
* * * LOW HITPOINT WARNING * * *
You feel sick.
* * * LOW HITPOINT WARNING * * *
You feel sick.
You die...

#### ### #..# #.##
#.## ### ##.## #.# #.#
#..######.## #.#
#.....##...# #.#
#..#.......## ..#
#...#....#..## ..###
#.....##@.#..# ....##
##....###.)##.##
.#...###....##
#.>##..##
.###..##...##
##.††##..## .#
##.....>####.....##..#
##
##.................##
# ##...........#....#
# ##.........###...##
## #........## ####.#


There were no monsters in sight!

Vanquished Creatures
  Pikel (D:6)
  Maggie (D:7)
  Menkaure (D:6)
  4 water moccasins
  A sky beast (D:7)
  3 black bears
  A centaur (D:7)
  4 lemures (D:6)
  A kobold brigand (D:7)
  3 bullfrogs
  3 scorpions
  A necrophage (D:5)
  9 killer bees (D:7)
  6 orc priests
  6 hounds
  2 jellies
  A gnoll bouda (D:6)
  3 iguanas
  4 orc wizards
  Robin (D:4)
  9 gnolls
  8 adders
  2 white imps
  2 ufetubi
  3 worms
  A dart slug (D:2)
  34 orcs
  7 ball pythons
  6 bats
  6 endoplasms
  6 giant cockroaches
  12 goblins
  10 hobgoblins
  7 jackals
  3 quokkas
  A frilled lizard (D:1)
  14 kobolds
  2 rats
189 creatures vanquished.

Notes
Turn   | Place    | Note
-------+----------+-------------------------------------------
     0 | D:1      | Peloso the Minotaur Fighter began the quest for the Orb.
     0 | D:1      | Reached XP level 1. HP: 19/19 MP: 0/0
   187 | D:1      | Reached XP level 2. HP: 17/27 MP: 1/1
   591 | D:1      | Found a faded altar of an unknown god.
   797 | D:2      | Reached XP level 3. HP: 26/33 MP: 2/2
  1072 | D:1      | Reached XP level 4. HP: 32/40 MP: 3/3
  1467 | D:2      | Reached skill level 1 in Dodging
  2064 | D:3      | Reached XP level 5. HP: 26/47 MP: 4/4
  3074 | D:4      | Found a hide-covered altar of Uskayaw.
  3093 | D:4      | Noticed Robin
  3107 | D:4      | Killed Robin
  3289 | D:4      | Reached skill level 5 in Armour
  3310 | D:4      | Found Sifiek's Book Emporium.
  3333 | D:4      | Reached XP level 6. HP: 35/53 MP: 5/5
  3341 | D:4      | Reached skill level 5 in Long Blades
  3924 | D:4      | Reached skill level 5 in Shields
  4075 | D:4      | Reached skill level 5 in Fighting
  4075 | D:4      | Reached XP level 7. HP: 36/61 MP: 6/6
  4409 | D:4      | Found a bloodstained altar of Trog.
  4574 | D:5      | Entered Level 5 of the Dungeon
  4662 | D:5      | Identified the +7 rapier of Jorr {flame, rElec}
  4695 | D:5      | Identified the ring of the Coward {rF++ Dex+6 SInv}
  5073 | D:5      | Found a stormy altar of Qazlal.
  5105 | D:5      | Reached skill level 1 in Short Blades
  5124 | D:5      | Found a shimmering altar of Xom.
  5684 | D:6      | Reached XP level 8. HP: 66/69 MP: 7/7
  5744 | D:6      | Found an ornate altar of the Wu Jian Council.
  6222 | D:6      | Noticed Menkaure
  6229 | D:6      | Killed Menkaure
  6930 | D:6      | Noticed Pikel
  6989 | D:6      | Killed Pikel
  6990 | D:6      | Reached skill level 1 in Stealth
  6990 | D:6      | Reached XP level 9. HP: 50/78 MP: 8/8
  7597 | D:7      | Noticed Maggie
  7612 | D:7      | Killed Maggie
  7841 | D:7      | Found a staircase to the Ecumenical Temple.
  7879 | Temple   | Entered the Ecumenical Temple
  9228 | D:7      | HP: 4/81 [poisoned by a water moccasin]
  9231 | D:7      | HP: 1/81 [poisoned by a water moccasin]
  9232 | D:7      | Succumbed to a water moccasin's poison

Illustrated notes

Levels and vault maps discovered:
D:1:      dpeg_arrival_short_road, layout_loops_ring,
          dilly_ecumenical_altar_fadedgnrine
D:2:      layout_loops_ring
D:3:      layout_basic, hangedman_decor_opposing
D:4:      minmay_chambers_of_fours, layout_loops_ring, old_standard_altar,
          trog_book, serial_shops, nicolae_lakefront_shop, uniq_robin
D:5:      layout_basic, mainiacjoe_overflow_concentric_impassable,
          brannock_xom_greatest_gift
D:6:      layout_loops_cross, nicolae_overflow_hidden_temple, uniq_menkaure,
          uniq_pikel
D:7:      nicolae_cairo_tiling_very_big, layout_layer_cave,
          minmay_temple_entry_glass, uniq_maggie
D:8:      layout_rooms, nicolae_hepliaklqana_hazy_memory,
          grunt_temple_overflow_open, kennysheep_okawaru_gauntlet
Temple:   eino_temple_lava

Skill      XL: |  1  2  3  4  5  6  7  8  9 |
---------------+----------------------------+-----
Fighting       | 4 5 6 7 |  7.8
Armour         | 4 5 6 8 9 |  9.9
Shields        | 4 5 6 |  6.8
Long Blades    | 3 4 6 7 8 9 |  9.3
Dodging        | 1 2 |  2.7
Short Blades   | 2 3 4 |  4.0
Stealth        | 1 |  1.1

Action                   |  1- 3 |  4- 6 |  7- 9 || total
-------------------------+-------+-------+-------++-------
Melee: Long sword        |    74 |   205 |    37 ||   316
       Headbutt          |    11 |    35 |    62 ||   108
       Rapier            |       |       |    76 ||    76
       Falchion          |       |       |   185 ||   185
  Use: Scroll            |     2 |     3 |     5 ||    10
       Potion            |     2 |     3 |     4 ||     9
Armor: Scale mail        |    41 |     1 |       ||    42
       Chain mail        |       |    95 |   168 ||   263
Dodge: Dodged            |    40 |    60 |   132 ||   232
Block: Buckler           |    23 |    53 |    72 ||   148
